AoeStats
← ERFOREST

Highland

505892229Analyzed
2v2 RM · 21d ago on Sep 11, 2026· 70m 48s· 4 players
Game mode
Random Map
Map size
Medium (4 player)
Population
200
Speed
Normal
Resources
Standard
Victory
Conquest
Starting age
Dark Age
Ending age
Imperial Age
RankedLock teamsTeams togetherTeam positionsShared explorationLock speedFull tech treeHidden civsTurbo modeCheats
Victory
Defeat
🇪🇸 Franks · Spain
571
+16
🇹🇷 Malians · Türkiye
544
+18
🇨🇱 Wei · Chile
575
-17
🇨🇱 Bohemians · Chile
571
-17
bunyamnergiz07
18:35 Feudal Age
20:08 Wheelbarrow
19:16 Horse Collar
19:24 Double-Bit Axe
22:06 Gold Mining
22:06 Stone Mining
26:06 Castle Age
25:38 Fishing Lines
27:07 Hand Cart
27:04 Bow Saw
27:33 Gold Shaft Mining
27:33 Stone Shaft Mining
28:07 Gillnets
34:08 Stone Shaft Mining
33:37 Heavy Plow
34:31 Caravan
35:02 Coinage
41:16 Imperial Age
39:58 Man-at-Arms
39:58 Pikeman
40:39 Squires
40:24 Arson
44:20 Ballistics
45:00 Chemistry
43:24 Long Swordsman
43:27 Light Cavalry
43:27 Cavalier
44:17 Bloodlines
44:07 Husbandry
44:22 Guilds
44:43 Banking
44:38 Forging
44:28 Scale Mail Armor
44:34 Scale Barding Armor
44:19 Fletching
44:29 Padded Archer Armor
46:40 Banking
48:41 Farimba
48:41 Tigui
48:04 Two-Handed Swordsman
48:08 Elite Skirmisher
48:53 Thumb Ring
48:09 Crossbowman
49:32 Champion
52:28 Crop Rotation
52:32 Chain Barding Armor
52:27 Chain Mail Armor
52:47 Iron Casting
52:27 Leather Archer Armor
52:07 Bodkin Arrow
52:15 Bodkin Arrow
54:08 Plate Barding Armor
53:48 Leather Archer Armor
55:13 Arbalester
59:54 Ring Archer Armor
59:54 Plate Mail Armor
59:27 Demolition Ship
62:40 Heavy Demolition Ship
68:21 Heavy Demolition Ship
ERFOREST
0:43 Loom
12:10 Feudal Age
14:02 Double-Bit Axe
19:49 Scale Barding Armor
19:55 Forging
30:20 Castle Age
31:14 Husbandry
33:22 Wheelbarrow
36:26 Chain Barding Armor
38:27 Bow Saw
38:11 Gold Mining
40:41 Stone Mining
41:30 Gold Shaft Mining
47:46 Imperial Age
45:37 Hand Cart
48:26 Fortified Wall
48:39 Ballistics
48:26 Scale Mail Armor
50:17 Chemistry
49:11 Guard Tower
51:00 Caravan
53:24 Plate Barding Armor
53:25 Iron Casting
53:06 Chain Mail Armor
52:56 Padded Archer Armor
52:46 Fletching
53:13 Pikeman
53:14 Man-at-Arms
53:44 Gambesons
54:00 Squires
53:27 Man-at-Arms
53:52 Gambesons
54:13 Chivalry
53:43 Cavalier
56:41 Fervor
57:35 Leather Archer Armor
57:50 Plate Mail Armor
59:13 Paladin
60:22 Bodkin Arrow
61:01 Long Swordsman
61:05 Halberdier
62:29 Town Watch
62:15 Two-Handed Swordsman
Whalter
0:39 Loom
13:02 Feudal Age
13:38 Double-Bit Axe
13:38 Horse Collar
27:14 Castle Age
25:26 Stone Mining
25:51 Gold Mining
37:40 Imperial Age
36:48 Heavy Plow
37:00 Bow Saw
37:31 Stone Shaft Mining
37:34 Gold Shaft Mining
43:50 Scale Barding Armor
43:50 Tuntian
51:45 Elite Tiger Cavalry
55:26 Chain Barding Armor
55:07 Scale Mail Armor
55:18 Forging
57:25 Wheelbarrow
57:46 Chain Mail Armor
61:57 Ming Guang Armor
61:54 Conscription
63:30 Caravan
64:01 Coinage
64:03 Hand Cart
67:23 Iron Casting
Vicho
7:41 Loom
20:31 Feudal Age
22:49 Double-Bit Axe
22:47 Horse Collar
33:53 Castle Age
34:37 Pikeman
43:00 Fervor
43:15 Heavy Plow
43:29 Bow Saw
45:10 Demolition Ship
48:47 Wagenburg Tactics
53:59 Imperial Age
54:14 Halberdier
54:55 Squires
54:41 Arson
56:08 Conscription
56:02 Elite Hussite Wagon
57:50 Forging
57:41 Scale Mail Armor
57:43 Caravan
58:55 Chemistry
58:17 Ballistics
60:06 Iron Casting
59:47 Chain Mail Armor
59:26 Houfnice
62:28 Blast Furnace
61:02 Elite Cannon Galleon
63:00 Two-Man Saw
Connection lost

Rejoining the realm…

Still unreachable

The connection could not be restored.

Session expired

The server has moved on; the page needs a fresh start.